 Dungeon Crawl Stone Soup version 0.26-a0-937-g67df3f2acb (webtiles) character file.

Game seed: 15659010014453517506

60 Descartes the Sneak (level 4, -1/37 HPs)
             Began as a Formicid Delver on Nov 27, 2020.
             Slain by an adder (3 damage)
             ... on level 2 of the Dungeon.
             The game lasted 00:03:49 (1816 turns).

Descartes the Sneak (Formicid Delver)               Turns: 1816, Time: 00:03:51

Health: -1/37      AC: 10    Str: 14 (16) XL:     4   Next: 25%
Magic:  13/13      EV:  6    Int:  8 (11) God:
Gold:   99         SH:  0    Dex: 11 (12) Spells: 3/3 levels left

rFire    . . .     SeeInvis +   a - +0 falchion
rCold    . . .     Faith    .   (no shield)
rNeg     . . .     Spirit   .   s - +0 chain mail
rPois    .         Reflect  .   (helmet unavailable)
rElec    .         Harm     .   (no cloak)
rCorr    .         Rampage  .   (no gloves)
MR       ++...                  (no boots)
Stlth    ..........             (no amulet)
HPRegen  0.12/turn              h - ring of magical power
MPRegen  0.13/turn              (no ring)

@: lethally poisoned (-1 -> -5), flying
A: permanent stasis, dig shafts and tunnels, four strong arms, antennae 3,
yellow scales 1, deterioration 1, magic resistance 2
a: Dig, Shaft Self


You were on level 2 of the Dungeon.
You visited 1 branch of the dungeon, and saw 5 of its levels.

You collected 99 gold pieces.

Inventory:

Hand Weapons
 a - a +0 falchion (weapon)
 t - a +1 dagger of speed
Missiles
 k - a throwing net
 u - 35 stones
Armour
 b - a +0 leather armour
 s - a +0 chain mail (worn)
Jewellery
 h - a ring of magical power (left hand)
Wands
 f - a wand of digging (3)
Scrolls
 c - a scroll of fog
 d - a scroll of magic mapping
 e - a scroll of fear
 j - a scroll of teleportation {unknown}
 l - 2 scrolls of remove curse {unknown}
 n - 5 scrolls of identify {unknown}
 o - a scroll of amnesia {unknown}
 q - a scroll of enchant weapon {unknown}
 v - a scroll of enchant armour {unknown}
Potions
 g - a potion of degeneration
 p - a potion of resistance {unknown}
 r - a potion of might {unknown}


   Skills:
 + Level 3.9 Fighting
 - Level 2.4 Long Blades
 + Level 1.8 Armour
 - Level 1.7 Dodging
 + Level 6.5 Stealth


You had 3 spell levels left.
You didn't know any spells.
Your spell library was empty.

Dungeon Overview and Level Annotations

Branches:
Dungeon (5/15)
 Temple: D:4-7

Altars:
Hepliaklqana
Makhleb
Nemelex Xobeh
Okawaru
Xom


Innate Abilities, Weirdness & Mutations

You cannot be hasted, slowed, berserked, paralysed or teleported.
You can dig through walls and to a lower floor.
Your four strong arms can wield two-handed weapons with a shield.
You have a pair of large antennae on your head. (SInv)
You are partially covered in yellow scales. (AC +2)
Your body sometimes deteriorates upon taking damage.
You are highly resistant to hostile enchantments. (MR++)


Message History

* * * LOW HITPOINT WARNING * * *
You feel sick. The adder bites you but does no damage.
You miss the adder.
The adder is severely wounded.
The adder bites you.
* * * LOW HITPOINT WARNING * * *
The adder bites you but does no damage.
It was a potion of flight.
You feel very buoyant.
You fly up into the air.
* * * LOW HITPOINT WARNING * * *
You feel sick. The adder barely misses you.
It was a potion of mutation.
You feel extremely strange.
You feel resistant to hostile enchantments.
You feel yourself wasting away.
You feel more resistant to hostile enchantments.
Yellow scales grow over part of your body.
* * * LOW HITPOINT WARNING * * *
You feel sick. The adder bites you.
You die...

##.#.......^####
#..........#
##.........#
#.#(#######
#....(.#
#......#########
#.........?.....
#.#.##.#.###.##
#.#....#.@.#
###...#..###S#
#..<..##..#{l..
#....>##.## .#.#
#........# ...?#
#.....#..# .# ##
#.....##... ##
#.....# .###
#...... .


You could see an adder and a frilled lizard.

Vanquished Creatures
  An adder (D:4)
  A worm (D:2)
  4 dart slugs
  3 leopard geckos
  A ball python (D:1)
  2 giant cockroaches (D:2)
  5 goblins
  5 hobgoblins
  2 jackals (D:1)
  A bat (D:2)
  2 frilled lizards
  6 kobolds
  5 rats
38 creatures vanquished.

Notes
Turn   | Place    | Note
-------+----------+-------------------------------------------
     0 | D:5      | Descartes the Formicid Delver began the quest for the Orb.
     0 | D:5      | Reached XP level 1. HP: 18/18 MP: 1/1
    15 | D:4      | Reached XP level 2. HP: 10/24 MP: 2/2
   392 | D:2      | Reached skill level 1 in Armour
   519 | D:1      | Reached XP level 3. HP: 29/29 MP: 3/3
  1483 | D:2      | Reached XP level 4. HP: 23/37 MP: 4/4
  1692 | D:2      | Found a stormy altar of Qazlal.
  1694 | D:2      | Found a hazy altar of Hepliaklqana.
  1694 | D:2      | Found a shimmering altar of Xom.
  1698 | D:2      | Found a sparkling altar of Nemelex Xobeh.
  1698 | D:2      | Found an iron altar of Okawaru.
  1698 | D:2      | Found a burning altar of Makhleb.
  1816 | D:2      | Gained mutation: You are resistant to hostile enchantments.
                  | (MR+) [potion of mutation]
  1816 | D:2      | Gained mutation: Your body sometimes deteriorates upon
                  | taking damage. [potion of mutation]
  1816 | D:2      | Gained mutation: You are highly resistant to hostile
                  | enchantments. (MR++) [potion of mutation]
  1816 | D:2      | Gained mutation: You are partially covered in yellow
                  | scales. (AC +2) [potion of mutation]
  1816 | D:2      | Slain by an adder

Illustrated notes

Levels and vault maps discovered:
D:1:      lightli_arrival_statuegarden, layout_loops_ring
D:2:      layout_basic, doesnt_xom_only_xom, minmay_indecisive_spiral
D:3:      layout_rooms
D:4:      layout_rooms, serial_shops, shop_statue
D:5:      layout_loops_ring, serial_shops, nicolae_shop_overgrown_old_shop,
          grunt_ministairs_12, uniq_ijyb

Skill      XL: |  1  2 |
---------------+-------+-----
Armour         | 1 |  1.8
Fighting       | |  3.9
Long Blades    | |  2.4
Dodging        | |  1.7
Stealth        | |  6.5

Action                   |  1- 3 |  4- 6 || total
-------------------------+-------+-------++-------
Melee: Falchion          |    72 |    41 ||   113
 Abil: Dig               |     1 |       ||     1
  Use: Potion            |       |     3 ||     3
 Stab: Sleeping          |    10 |       ||    10
Armor: Leather armour    |    11 |       ||    11
       Chain mail        |    10 |    26 ||    36
Dodge: Dodged            |    34 |    23 ||    57
       Rpst.: Falchion   |    16 |     8 ||    24

Table legend: (Time is in decaauts)
 A = Elapsed time spent in this place.
 B = Non-inter-level travel time spent in this place.
 C = Inter-level travel time spent in this place.
 D = Time resting spent in this place.
 E = Time spent auto-exploring this place.
 F = Levels seen in this place.
 G = Mean time per level.
                   A        B        C        D        E       F      G
               +--------+--------+--------+--------+--------+-----+--------+
         Total |   1836 |   1746 |     90 |    243 |   1198 |   5 |  367.2 |
       Dungeon |   1836 |   1746 |     90 |    243 |   1198 |   5 |  367.2 |
               +--------+--------+--------+--------+--------+-----+--------+

Top non-repeatable levels by time:
     D:1: 1032 daAuts
     D:2: 426 daAuts
     D:4: 276 daAuts
     D:3: 98 daAuts
     D:5: 2 daAuts
